 Dungeon Crawl Stone Soup version 0.17.1-2-g5865329 (webtiles) character file.

2998 Lonerover the Cleaver (level 9, -8/81 (83) HPs)
             Began as a Minotaur Fighter on Feb 4, 2016.
             Was a Priest of Okawaru.
             Mangled by an orc warrior
             ... wielding a +0 glaive
              (16 damage)
             ... on level 9 of the Dungeon.
             The game lasted 00:21:48 (5050 turns).

Lonerover the Cleaver (Minotaur Fighter)            Turns: 5050, Time: 00:21:48

HP:   -8/81 (83)    AC: 13    Str: 24    XL:     9   Next: 54%
MP:   10/10         EV:  6    Int:  3    God:    Okawaru [***...]
Gold: 297           SH: 10    Dex: 10    Spells: 0 memorised, 8 levels left

rFire  . . .     SeeInvis .     a - +1 war axe
rCold  . . .     Clarity  .     k - +0 chain mail
rNeg   + . .     SustAt   .     c - +0 shield
rPois  .         Gourm    .     (helmet restricted)
rElec  .         Spirit   .     s - +0 cloak
rCorr  .         Warding  .     (no gloves)
rMut   .         Stasis   .     d - +0 pair of boots
MR     .....                    (no amulet)
Stlth  ..........               (no ring)
                                g - ring of positive energy

@: not resistant to hostile enchantments, extremely unstealthy
A: retaliatory headbutt, horns 2, deterioration 1, dopey 1, low mp 1, evolution
1
a: Heroism, Renounce Religion


You were on level 9 of the Dungeon.
You worshipped Okawaru.
Okawaru was most pleased with you.
You were hungry.

You visited 2 branches of the dungeon, and saw 10 of its levels.

You collected 297 gold pieces.

Inventory:

Hand Weapons
 a - a +1 war axe (weapon)
Armour
 c - a +0 shield (worn)
 d - a +0 pair of boots (worn)
 k - a +0 chain mail (worn)
 s - a +0 cloak (worn)
 B - a +3 scale mail
Jewellery
 g - a ring of positive energy (left hand)
 w - an uncursed amulet of resist corrosion {unknown}
 x - an uncursed amulet of the gourmand {unknown}
 y - an uncursed ring of protection from fire {unknown}
Wands
 l - a wand of disintegration (13)
 u - a wand of paralysis (8)
 v - a wand of slowing (48)
 z - a wand of digging (14)
Scrolls
 h - 4 scrolls of remove curse
 i - 3 scrolls of recharging
 j - a scroll of magic mapping
 m - 9 scrolls of identify
 p - 2 scrolls of teleportation
Potions
 r - 2 potions of haste
 t - a potion of curing
 A - a potion of heal wounds
Comestibles
 b - a beef jerky
 e - 9 bread rations
 f - 5 fruits
 n - a slice of pizza
 o - 4 meat rations
 q - a royal jelly
 D - a chunk of flesh


   Skills:
 * Level 9.0 Fighting
 * Level 9.3 Axes
 + Level 7.2 Armour
 - Level 5.6 Shields
 * Level 5.6 Invocations


You had 8 spell levels left.
You didn't know any spells.

Dungeon Overview and Level Annotations

Branches:
Dungeon (9/15)             Temple (1/1) D:4
   Lair: D:8-11         Orc: D:9-12

Altars:
Ashenzari
Cheibriados
Dithmenos
Elyvilon
Fedhas
Gozag
Kikubaaqudgha
Makhleb
Nemelex Xobeh
Okawaru
Qazlal
Ru
Sif Muna
Trog
Vehumet
Xom
Yredelemnul
Zin
The Shining One

Annotations:
D:9 Pikel


Innate Abilities, Weirdness & Mutations

You reflexively headbutt those who attack you in melee.
You have a pair of horns on your head.
Your body sometimes deteriorates upon taking damage.
You are dopey. (Int -2)
Your magical capacity is low (-10% MP).
You evolve.


Message History

You hit the orc warrior.
You headbutt the orc warrior, but do no damage.
The orc warrior is severely wounded.
You slash the slave!
The slave is moderately wounded.
You hit the orc wizard.
The orc wizard is severely wounded.
The orc wizard hits you but does no damage.
A slave comes into view.
The slave shouts!
You slash the orc warrior!
You headbutt the orc warrior, but do no damage.
The orc warrior is almost dead.
You hit the orc wizard.
You kill the orc wizard!
Okawaru accepts your kill.
You hit the slave.
The slave is moderately wounded.
You block the slave's attack. The orc warrior hits you with a glaive!
You die...

########
.......############.#
#...p..p.Kp@oo..#
.#####..#########)......
pp.p......# .######
.#####..#.# .# #..#.# .#
.#####..# # .# ........#
.# ..####.## .# .).....#


You could see Pikel, an orc warrior, 3 slaves and an orc.

Vanquished Creatures
  A hill giant (D:8)
  A spriggan (D:7)
  Menkaure (D:7)
  2 sky beasts
  3 ogres
  3 centaurs
  An ice beast (D:5)
  2 orc warriors
  3 necrophages (D:7)
  A giant frog (D:7)
  A big kobold (D:7)
  A wyvern skeleton (D:6)
  A scorpion (D:8)
  3 killer bees (D:8)
  2 wights (D:7)
  A crimson imp (D:6)
  2 hounds
  2 orc wizards
  2 iguanas
  A jelly (D:8)
  A centaur skeleton (D:5)
  A giant frog skeleton (D:7)
  4 worker ants
  A killer bee zombie (D:7)
  A hound skeleton (D:8)
  5 gnolls
  5 adders
  A shadow imp (D:6)
  An adder skeleton (D:5)
  An adder zombie (D:7)
  4 worms
  10 giant geckos
  19 orcs
  9 bats
  7 giant cockroaches
  10 goblins
  11 hobgoblins
  7 jackals
  13 kobolds
  5 quokkas
  A ball python (D:3)
  A giant gecko zombie (D:4)
  4 giant newts
  A quokka zombie (D:7)
  3 rats
  A spectral orc (D:3)
161 creatures vanquished.

Notes
Turn   | Place    | Note
--------------------------------------------------------------
     0 | D:1      | Lonerover the Minotaur Fighter began the quest for the Orb.
     0 | D:1      | Reached XP level 1. HP: 19/19 MP: 0/0
    65 | D:1      | Reached XP level 2. HP: 24/27 MP: 1/1
    95 | D:1      | Reached skill level 4 in Fighting
   495 | D:2      | Reached XP level 3. HP: 33/33 MP: 2/2
   635 | D:2      | Reached XP level 4. HP: 30/41 MP: 3/3
   965 | D:3      | Noticed a sky beast
  1008 | D:3      | Killed a sky beast
  1008 | D:3      | Reached skill level 5 in Fighting
  1008 | D:3      | Reached XP level 5. HP: 9/48 MP: 4/4
  1301 | D:3      | Noticed an ogre
  1309 | D:3      | Killed an ogre
  1309 | D:3      | Reached skill level 5 in Shields
  1309 | D:3      | Reached XP level 6. HP: 14/56 MP: 5/5
  1509 | D:3      | Reached skill level 5 in Axes
  1665 | D:3      | Found a blossoming altar of Fedhas.
  1833 | D:3      | Found a basalt altar of Yredelemnul.
  2350 | D:4      | Found a staircase to the Ecumenical Temple.
  2380 | D:4      | Found a burning altar of Makhleb.
  2447 | D:4      | Found a basalt altar of Yredelemnul.
  2716 | Temple   | Entered the Ecumenical Temple
  2809 | Temple   | Became a worshipper of Warmaster Okawaru
  2857 | D:5      | Entered Level 5 of the Dungeon
  2866 | D:5      | You fall through a shaft for 2 floors!
  2985 | D:5      | Reached XP level 7. HP: 45/62 MP: 6/6
  2998 | D:5      | Reached skill level 6 in Fighting
  3018 | D:5      | Reached skill level 5 in Armour
  3106 | D:5      | Found a stormy altar of Qazlal.
  3606 | D:6      | Found a shattered altar of Ashenzari.
  3606 | D:6      | Found an ancient bone altar of Kikubaaqudgha.
  3629 | D:6      | Reached skill level 1 in Invocations
  3670 | D:6      | Reached * piety under Okawaru
  3889 | D:6      | Reached skill level 7 in Axes
  3925 | D:6      | Reached XP level 8. HP: 69/71 MP: 8/8
  4117 | D:7      | Found a white marble altar of Elyvilon.
  4192 | D:7      | Noticed Menkaure
  4200 | D:7      | Killed Menkaure
  4371 | D:7      | Reached ** piety under Okawaru
  4380 | D:7      | Reached skill level 8 in Axes
  4602 | D:7      | Noticed a spriggan baker
  4605 | D:7      | Killed a spriggan baker
  4734 | D:8      | Reached XP level 9. HP: 71/79 MP: 11/11
  4738 | D:8      | Gained mutation: Your body sometimes deteriorates upon taking damage. [mutagenic meat]
  4739 | D:8      | Gained mutation: You are dopey. (Int -2) [mutagenic meat]
  4740 | D:8      | Gained mutation: Your magical capacity is low (-10% MP). [mutagenic meat]
  4741 | D:8      | Gained mutation: You evolve. [mutagenic meat]
  4769 | D:8      | Noticed a hill giant
  4779 | D:8      | Killed a hill giant
  4779 | D:8      | Reached *** piety under Okawaru
  4779 | D:8      | Reached skill level 9 in Axes
  4779 | D:8      | Reached skill level 5 in Invocations
  5030 | D:8      | You fall through a shaft!
  5035 | D:9      | Noticed Pikel
  5050 | D:9      | Mangled by an orc warrior

Action                   |  1- 3 |  4- 6 |  7- 9 || total
-------------------------+-------+-------+-------++-------
Melee: War axe           |    72 |   165 |   189 ||   426
Invok: Heroism           |       |       |     1 ||     1
  Use: Scroll            |     3 |     5 |     4 ||    12
       Potion            |     1 |     2 |     7 ||    10
  Eat: Chunk             |       |     5 |     8 ||    13
       Bread ration      |       |     1 |       ||     1
